 Dungeon Crawl Stone Soup version 0.28.0-45-g0d030f2227 (webtiles) character file.

Game seed: 2523020876354725820

116 Descartes the Sneak (level 5, -5/31 HPs)
             Began as an Octopode Fire Elementalist on Apr 12, 2022.
             Killed by divine providence
             ... invoked by an orc priest
              (8 damage)
             ... on level 3 of the Dungeon.
             The game lasted 00:04:14 (2229 turns).

Descartes the Sneak (Octopode Fire Elementalist)    Turns: 2229, Time: 00:04:15

Health: -5/31      AC:  1    Str: 12    XL:     5   Next: 1%
Magic:  5/8        EV: 13    Int: 19    God:
Gold:   143        SH:  0    Dex: 12    Spells: 7/8 levels left

rFire   + . .      SeeInvis .   l - +1 whip (elec)
rCold   x . .      Faith    .   (no shield)
rNeg    . . .      Spirit   .   (helmet restricted)
rPois   .          Reflect  .   (no amulet)
rElec   .          Harm     .   j - ring "Nadet" {Fire Str+4}
rCorr   .          Rampage  .   (no ring)
Will    .....                   (no ring)
Stlth   +++.......              (no ring)
HPRegen 0.10/turn               (no ring)
MPRegen 0.11/turn               (no ring)
                                (no ring)
                                (no ring)

@: hasted, very quick
A: almost no armour, amphibious, 8 rings, camouflage 1, gelatinous body 1,
(nimble swimmer 1), tentacles
a: no special abilities


You were on level 3 of the Dungeon.
You visited 1 branch of the dungeon, and saw 3 of its levels.

You collected 143 gold pieces.

Inventory:

Hand Weapons
 b - a +1 dagger of pain
 l - a +1 whip of electrocution (weapon)
Missiles
 c - 38 stones
Jewellery
 j - the ring "Nadet" (left tentacle) {Fire Str+4}
   (You found it on level 2 of the Dungeon)

   [ring of fire]

   It enhances your fire magic.
   Str:       It affects your strength (+4).
   rF:        It protects you from fire.
   rC:        It makes you vulnerable to cold.
 n - an amulet of faith
Scrolls
 d - a scroll of fear {unknown}
 e - a scroll of identify {unknown}
 k - a scroll of immolation {unknown}
Potions
 f - a potion of mutation {unknown}
 h - a potion of lignification {unknown}
 i - a potion of degeneration {unknown}
 m - a potion of berserk rage {unknown}


   Skills:
 + Level 2.9 Dodging
 + Level 4.2 Stealth
 - Level 2.0 Spellcasting
 + Level 2.3 Conjurations
 + Level 3.7 Fire Magic


You had 7 spell levels left.
You knew the following spells:

 Your Spells              Type           Power      Damage    Failure   Level
a - Foxfire               Conj/Fire      80%        2x1d8     4%          1

Your spell library contained the following spells:

 Spells                   Type           Power      Damage    Failure   Level
 Scorch                   Fire           48%        2d7       5%          2
 Conjure Flame            Conj/Fire      20%        6-21      14%         3
 Inner Flame              Hex/Fire       13%        N/A       24%         3
 Flame Wave               Conj/Fire      20%        2d7       43%         4
 Iskenderun's Mystic Bla  Conj/Tloc      6%         2d4       71%         4
 Iskenderun's Battlesphe  Conj           10%        2d6       87%         5
 Starburst                Conj/Fire      10%        6d5       100%        6


Dungeon Overview and Level Annotations

Branches:
Dungeon (3/15)

Altars:


Innate Abilities, Weirdness & Mutations

You cannot wear most types of armour.
You are amphibious.
You can wear up to eight rings at the same time.
Your skin changes colour to match your surroundings (Stealth+).
Your rubbery body absorbs attacks. (AC +1, EV +1)
((You are camouflaged when in or above water. (Stealth+)))
You have tentacles for arms and can constrict up to eight enemies at once.


Message History

The orc wizard barely misses you.
The orc hits you with a +0 dagger of holy wrath.
You hit the orc priest but do no damage.
You grab the orc priest. You constrict the orc priest.
The foxfire hits the orc priest.
The orc priest is lightly wounded.
The foxfire hits the orc priest but does no damage.
The orc priest is lightly wounded.
The orc priest hits you with a +0 club. The orc hits you with a +0 short sword.
The orc wizard gestures at you while chanting.
The magic dart hits you.
The orc hits you with a +0 dagger of holy wrath.
Casting: Foxfire (safe; 4% risk of failure)
Confirm with . or Enter, or press ? or * to list all spells.
You feel a surge of power!
You conjure some foxfire!
You constrict the orc priest. The orc priest closely misses you.
The orc hits you with a +0 short sword.
* * * LOW HITPOINT WARNING * * *
The orc wizard completely misses you.
The orc hits you with a +0 dagger of holy wrath.
* * * LOW HITPOINT WARNING * * *
It was a potion of haste.
You feel yourself speed up.
You constrict the orc priest.
The foxfire hits the orc priest but does no damage.
The orc priest is heavily wounded.
The foxfire hits the orc priest.
The orc priest is almost dead.
The orc priest closely misses you. The orc completely misses you.
The orc wizard hits you with a +0 dagger.
* * * LOW HITPOINT WARNING * * *
The orc misses you.
You release your grip on the orc priest.
The orc priest barely misses you.
The orc wizard mumbles some strange words.
The orc wizard flickers and vanishes!
Deactivating autopickup; reactivate with Ctrl-A.
The orc priest casts a cantrip, but nothing happens.
The orc priest mumbles some strange prayers to Beogh against you.
Beogh smites you!
You die...

.......## .######.# .#
#.# .######.####
.##..>.....####++###
.##.###.###........#
........# #.†....##
###.##### ##...#+##
#.# ####.@.## # #.####
##.....##.## #....##
##.......#...
#####...####....o....#
...........+.........+
####....####...{o.)..#
#.#..# ##...o...##
#.#..# ##.....##
#.#..# ##...##


You could see an orc priest and 2 orcs.

Vanquished Creatures
  2 orc wizards (D:3)
  2 adders
  A worm (D:2)
  4 orcs (D:3)
  A bat (D:1)
  2 endoplasms
  3 giant cockroaches
  5 goblins
  2 hobgoblins
  5 jackals
  A quokka (D:1)
  4 ball pythons
  A frilled lizard (D:1)
  3 kobolds
  6 rats
42 creatures vanquished.

Vanquished Creatures (others)
  A ball python (D:3)
  156 foxfires
157 creatures vanquished.

Grand Total: 199 creatures vanquished

Notes
Turn   | Place    | Note
-------+----------+-------------------------------------------
     0 | D:1      | Descartes the Octopode Fire Elementalist began the quest
                  | for the Orb.
     0 | D:1      | Reached XP level 1. HP: 11/11 MP: 3/3
   293 | D:1      | Reached skill level 3 in Stealth
   293 | D:1      | Reached XP level 2. HP: 17/17 MP: 0/5
  1060 | D:2      | Reached XP level 3. HP: 21/21 MP: 1/6
  1165 | D:2      | Identified the ring "Nadet" {Fire Str+4}
  1172 | D:2      | Got the Volume of Combat Magic
  1391 | D:2      | Found a faded altar of an unknown god.
  1800 | D:3      | Reached XP level 4. HP: 27/27 MP: 1/7
  1922 | D:3      | Reached skill level 4 in Stealth
  2213 | D:3      | Reached XP level 5. HP: 31/31 MP: 5/8
  2229 | D:3      | Killed from afar by an orc priest

Illustrated notes

Levels and vault maps discovered:
D:1:      dpeg_arrival_orchard, layout_basic
D:2:      layout_rooms, chequers_ecumenical_altar_simple_redux
D:3:      kennysheep_big_flooded_room, layout_loops_corners, lemuel_flame_loot_1

Skill      XL: |  1  2  3  4 |
---------------+-------------+-----
Stealth        | 3 4 |  4.2
Conjurations   | 2 |  2.3
Dodging        | |  2.9
Spellcasting   | |  2.0
Fire Magic     | |  3.7

Action                   |  1- 3 |  4- 6 || total
-------------------------+-------+-------++-------
Melee: Whip              |       |     2 ||     2
       Constrict         |       |     2 ||     2
       Tentacles         |       |     1 ||     1
 Cast: Foxfire           |    79 |    17 ||    96
  Use: Potion            |       |     2 ||     2
Armor: Skin              |     2 |       ||     2
Dodge: Dodged            |     3 |    10 ||    13
